 Dungeon Crawl Stone Soup version 0.32-a0-814-g0968bab981 (webtiles) character file.

Game seed: 14094023729909429207

679 zenocrate the Changeling (level 7, -5/45 HPs)
             Began as an Octopode Earth Elementalist on Mar 23, 2024.
             Slain by a killer bee (8 damage)
             ... on level 4 of the Dungeon.
             The game lasted 00:04:15 (2987 turns).

zenocrate the Changeling (OpEE)                     Turns: 2987, Time: 00:04:16

Health: -5/45      AC:  1    Str:  9    XL:     7   Next: 60%
Magic:  10/10      EV: 17    Int: 17    God:
Gold:   194        SH:  0    Dex: 13    Spells: 3/10 levels left

rFire   . .          .
                       - Unarmed
rCold   . . .        (no shield)
rNeg    . . .        (helmet restricted)
rPois   .            (no amulet)
rElec   .            k - +5 ring of evasion
rCorr   .            (no ring)
SInv    .            (no ring)
Will    .....        (no ring)
Stlth   +++          (no ring)
HPRegen 0.27/turn    (no ring)
MPRegen 0.12/turn    (no ring)
                     (no ring)

%: no passive effects
@: mighty, lethally poisoned (-5 -> -33), about to teleport
A: almost no armour, amphibious, 8 rings, camouflage 1, gelatinous body 1,
(nimble swimmer 1), tentacles
a: no special abilities


You were on level 4 of the Dungeon.
You visited 1 branch of the dungeon, and saw 4 of its levels.

You collected 194 gold pieces.

Inventory:

Missiles
 p - a throwing net
Jewellery
 k - a +5 ring of evasion (left tentacle)
Talismans
 f - a maw talisman
Scrolls
 c - a scroll of enchant armour {unknown}
 d - a scroll of revelation {unknown}
 m - 2 scrolls of fog {unknown}
 n - a scroll of fear {unknown}
Potions
 a - a potion of magic
 b - a potion of mutation
 g - a potion of haste
 i - a potion of brilliance
 l - a potion of attraction
 q - a potion of cancellation {unknown}
 r - a potion of berserk rage {unknown}


   Skills:
 + Level 2.8 Fighting
 - Level 2.1 Dodging
 - Level 2.8 Stealth
 + Level 4.4 Unarmed Combat
 - Level 2.0 Spellcasting
 - Level 1.0 Conjurations
 - Level 3.0 Earth Magic
 + Level 5.0 Shapeshifting


You had 3 spell levels left.
You knew the following spells:

 Your Spells              Type           Power      Damage    Failure   Level
a - Sandblast             Erth           22%        2d7       5%          1
b - Stone Arrow           Conj/Erth      16%        3d8       26%         3
z - Passwall              Erth           11%        N/A       17%         3

Your spell library contained the following spells:

 Spells                   Type           Power      Damage    Failure   Level
 Brom's Barrelling Bould  Conj/Erth      8%         2d3       63%         4
 Petrify                  Alch/Erth      6%         N/A       71%         4


Dungeon Overview and Level Annotations

Branches:
Dungeon (4/15)
 Temple: D:4-7

Altars:
Ashenzari
Hepliaklqana

Shops:
D:3 [


Innate Abilities, Weirdness & Mutations

You cannot wear most types of armour.
You are amphibious.
You can wear up to eight rings at the same time.
Your skin changes colour to match your surroundings (Stealth+).
Your rubbery body absorbs attacks. (AC +1, EV +1)
((You are camouflaged when in or above water. (Stealth+)))
You have tentacles for arms and can constrict up to eight enemies at once.


Message History

You are more poisoned.
The killer bee poisons you! The killer bee barely misses you.
The killer bee misses you.
The killer bee buzzes angrily.
The killer bee closely misses you.
There are monsters nearby!
You tentacle-slap the killer bee. Your grab misses the killer bee.
Your squeeze misses the killer bee.
The killer bee is moderately wounded.
You feel sick. The killer bee misses you. The killer bee stings you.
You are more poisoned.
The killer bee poisons you! The killer bee completely misses you.
The killer bee closely misses you. The killer bee completely misses you.
Okay, then.
As you read the scroll of teleportation, it crumbles to dust.
You feel strangely unstable.
You feel very sick. The killer bee closely misses you.
The killer bee completely misses you. The killer bee stings you.
You are lethally poisoned!
The killer bee poisons you! The killer bee stings you!
* * * LOW HITPOINT WARNING * * *
The killer bee misses you. The killer bee closely misses you.
You feel much better.
You feel very sick. The killer bee stings you.
You are lethally poisoned!
The killer bee poisons you! The killer bee barely misses you.
The killer bee closely misses you. x2; The killer bee stings you.
You are more poisoned.
The killer bee poisons you! The killer bee closely misses you.
It was a potion of might.
You feel very mighty all of a sudden.
* * * LOW HITPOINT WARNING * * *
You feel extremely sick. The killer bee stings you!
* * * LOW HITPOINT WARNING * * *
The killer bee barely misses you. The killer bee completely misses you.
The killer bee closely misses you. The killer bee stings you!
You die...

### ...#### .#
#... ##.# #.#####
##...#####......
...#.#...#.####.
########y#
#...!.## #.
......y@y#
#.......# ##
#######..#
#........# #..#
#........# #†.#
###...##.# #..#
#... .# #..# ####
.# .#.####..# ..
.....<...# #. ##
.#.####:########.
.#


You could see 3 killer bees.

Vanquished Creatures
  Grinder (D:3)
  Sigmund (D:3)
  A killer bee (D:4)
  A jelly (D:4)
  A hound (D:4)
  2 sleepcaps (D:3)
  7 gnolls
  5 adders
  2 dart slugs
  A ribbon worm (D:2)
  2 orcs
  11 bats
  3 endoplasms
  3 giant cockroaches (D:1)
  2 goblins
  4 hobgoblins
  2 jackals (D:4)
  2 quokkas
  3 ball pythons
  2 frilled lizards
  8 kobolds
  3 rats
67 creatures vanquished.

Notes
Turn   | Place    | Note
-------+----------+-------------------------------------------
     0 | D:1      | zenocrate the Octopode Earth Elementalist began the quest
                  | for the Orb.
     0 | D:1      | Reached XP level 1. HP: 11/11 MP: 3/3
   166 | D:1      | Reached XP level 2. HP: 15/17 MP: 5/5
   423 | D:1      | Reached skill level 1 in Unarmed Combat
   423 | D:1      | Reached skill level 1 in Shapeshifting
   866 | D:2      | Reached XP level 3. HP: 21/21 MP: 3/6
   954 | D:2      | Reached skill level 2 in Shapeshifting
  1161 | D:2      | Reached XP level 4. HP: 27/27 MP: 2/7
  1589 | D:2      | Learned a level 3 spell: Stone Arrow
  1629 | D:2      | Learned a level 3 spell: Passwall
  1876 | D:3      | Noticed Sigmund
  1889 | D:3      | Killed Sigmund
  1890 | D:3      | Reached skill level 4 in Shapeshifting
  1890 | D:3      | Reached XP level 5. HP: 31/31 MP: 8/8
  1890 | D:3      | Reached XP level 6. HP: 36/36 MP: 9/9
  1941 | D:3      | Noticed Grinder
  1960 | D:3      | Killed Grinder
  1961 | D:3      | Reached skill level 1 in Fighting
  1961 | D:3      | Reached XP level 7. HP: 33/44 MP: 5/10
  2049 | D:3      | Found Ceabrinul's Armour Shoppe.
  2596 | D:4      | Found a broken altar of Ashenzari.
  2597 | D:4      | Found a hazy altar of Hepliaklqana.
  2906 | D:4      | Reached skill level 5 in Shapeshifting
  2987 | D:4      | Slain by a killer bee

Illustrated notes

Levels and vault maps discovered:
D:1:      orjb1_clovarrival, layout_loops_ring, chequers_serial_rivers_micro_a,
          item_on_display_a
D:2:      layout_basic
D:3:      layout_loops_ring, serial_shops, shop, hellmonk_no_cap, uniq_grinder,
          uniq_sigmund
D:4:      layout_loops_ring, mainiacjoe_overflow_divided_tiny,
          chequers_serial_rivers_small_3, fountainhead

Skill      XL: |  1  2  3  4  5  6  7 |
---------------+----------------------+-----
Unarmed Combat | 1 3 4 |  4.4
Shapeshifting  | 1 2 4 5 |  5.0
Fighting       | 1 2 |  2.8
Dodging        | |  2.1
Stealth        | |  2.8
Spellcasting   | |  2.0
Conjurations   | |  1.0
Earth Magic    | |  3.0

Action                     |  1- 3 |  4- 6 |  7- 9 || total
---------------------------+-------+-------+-------++-------
  Melee: Unarmed           |    43 |    28 |    58 ||   129
         Constrict         |    16 |     9 |    14 ||    39
         Tentacles         |    10 |     8 |    10 ||    28
         Punch             |     1 |     3 |     2 ||     6
   Cast: Sandblast         |    21 |     7 |    19 ||    47
    Use: Potion            |       |     2 |     4 ||     6
         Scroll            |       |       |     7 ||     7
   Stab: Sleeping          |     8 |     3 |     2 ||    13
 Armour: Skin              |    18 |     4 |    49 ||    71
  Dodge: Dodged            |    39 |    17 |    69 ||   125

Table legend: (Time is in decaauts)
 A = Elapsed time spent in this place.
 B = Non-inter-level travel time spent in this place.
 C = Inter-level travel time spent in this place.
 D = Time resting spent in this place.
 E = Time spent auto-exploring this place.
 F = Levels seen in this place.
 G = Mean time per level.
                   A        B        C        D        E       F      G
               +--------+--------+--------+--------+--------+-----+--------+
         Total |   2984 |   2899 |     85 |      0 |   2363 |   4 |  746.0 |
       Dungeon |   2984 |   2899 |     85 |      0 |   2363 |   4 |  746.0 |
               +--------+--------+--------+--------+--------+-----+--------+

Top non-repeatable levels by time:
     D:2: 990 daAuts
     D:3: 896 daAuts
     D:1: 648 daAuts
     D:4: 448 daAuts
